 Dungeon Crawl Stone Soup version 0.23-a0-516-g0f8c245 (webtiles) character file.

31 galech the Covered (level 3, -4/29 HPs)
             Began as a Demonspawn Fighter on Dec 5, 2018.
             Slain by a worm (7 damage)
             ... on level 2 of the Dungeon.
             The game lasted 00:00:59 (965 turns).

galech the Covered (Demonspawn Fighter)              Turns: 965, Time: 00:01:00

Health: -4/29      AC:  8    Str: 16    XL:     3   Next: 7%
Magic:  0/3        EV:  6    Int:  9    God:
Gold:   29         SH:  9    Dex: 13    Spells: 2/2 levels left

rFire    . . .     SeeInvis .   a - +0 war axe
rCold    . . .     Gourm    .   c - +0 shield
rNeg     . . .     Faith    .   b - +0 scale mail
rPois    .         Spirit   +   (no helmet)
rElec    .         Reflect  .   (no cloak)
rCorr    .         Harm     .   (no gloves)
MR       +....                  (no boots)
Stlth    ..........             (no amulet)
HPRegen  0.09/turn              j - ring of protection from magic
MPRegen  0.08/turn              (no ring)

@: no status effects
A: icy blue scales 1, magic shield
a: no special abilities


You were on level 2 of the Dungeon.
You were not hungry.

You visited 1 branch of the dungeon, and saw 2 of its levels.

You collected 29 gold pieces.

Inventory:

Hand Weapons
 a - a +0 war axe (weapon)
Armour
 b - a +0 scale mail (worn)
 c - a +0 shield (worn)
Jewellery
 j - a ring of protection from magic (left hand)
Scrolls
 e - a scroll of immolation {unknown}
 h - a scroll of magic mapping {unknown}
Potions
 d - a potion of might
 i - a potion of haste {unknown}
 k - a potion of invisibility {unknown}
Comestibles
 f - 4 rations


   Skills:
 + Level 3.1 Fighting
 + Level 2.1 Axes
 + Level 3.2 Armour
 + Level 0.1 Dodging
 + Level 3.0 Shields


You had 2 spell levels left.
You didn't know any spells.
Your spell library was empty.

Dungeon Overview and Level Annotations

Branches:
Dungeon (2/15)

Altars:


Innate Abilities, Weirdness & Mutations

You are partially covered in icy blue scales. (AC +2)
When hurt, damage is shared between your health and your magic reserves.


Message History

You hit the worm.
The worm is almost dead.
You closely miss the goblin. You block the goblin's attack.
The worm bites you but does no damage. The goblin hits you but does no damage.
Your shield and scale mail prevent you from hitting the worm.
The worm is almost dead.
You hit the goblin.
You kill the goblin!
The worm completely misses you.
You hit the worm but do no damage.
The worm is almost dead.
The worm bites you!
* * * LOW HITPOINT WARNING * * *
You completely miss the worm.
The worm is severely wounded.
You block the worm's attack.
You barely miss the worm.
The worm is severely wounded.
The worm bites you!
You die...

##################
#.................
#>................
#(########.[......
#@# #.#......
#....)w†.#
#.#..†.((
#........+
#.#......
#....?...#
#...)....
#........#
###......
#........# #...)..
#........# #....[.
#........# ##.....
#.###.


You could see a worm.

Vanquished Creatures
  2 dart slugs (D:1)
  2 leopard geckos (D:1)
  A ball python (D:1)
  2 giant cockroaches (D:1)
  4 goblins
  A hobgoblin (D:1)
  6 kobolds
  3 bats (D:1)
  4 rats (D:1)
25 creatures vanquished.

Notes
Turn   | Place    | Note
-------+----------+-------------------------------------------
     0 | D:1      | galech the Demonspawn Fighter began the quest for the Orb.
     0 | D:1      | Reached XP level 1. HP: 18/18 MP: 1/1
   116 | D:1      | Gained mutation: When hurt, damage is shared between your
                  | health and your magic reserves. [demonic ancestry]
   116 | D:1      | Reached XP level 2. HP: 17/24 MP: 2/2
   652 | D:1      | Gained mutation: You are partially covered in icy blue
                  | scales. (AC +2) [demonic ancestry]
   652 | D:1      | Reached XP level 3. HP: 22/29 MP: 3/3
   965 | D:2      | Slain by a worm

Vault maps used:
D:1:      dpeg_arrival_lava_temple_mockup, hangedman_decor_clover_reticule
D:2:      vehumet_crystals, uniq_robin, uniq_jessica

Skill      XL: |  1  2 |
---------------+-------+-----
Armour         | 3 |  3.2
Axes           | 2 |  2.1
Shields        | 3 |  3.0
Fighting       | |  3.1
Dodging        | |  0.1

Action                   || total
-------------------------++-------
Melee: War axe           ||    89
Armor: Scale mail        ||    41
Dodge: Dodged            ||    16
Block: Shield            ||    52

Table legend:
 A = Non-vault XP
 B = Vault XP
 C = Vault XP percentage of total XP
 D = Non-vault monster count
 E = Vault monster count
 F = Vault count percentage of total count
                 A         B        C        D         E       F
            +---------+---------+-------+---------+---------+-------
      Total |      45 |       0 |   0.0 |      25 |       0 |   0.0
            +---------+---------+-------+---------+---------+-------
        D:1 |      41 |       0 |   0.0 |      21 |       0 |   0.0
        D:2 |       4 |       0 |   0.0 |       4 |       0 |   0.0
            +---------+---------+-------+---------+---------+-------
